TOP OF THE 1ST |
Albuquerque Isotopes batting - Pitching for Las Vegas 51s : RHP Brett Hackmann
|
Pitching: RHP Brett Hackmann
|
|
Batting: LHB Enrique Andrade
|
0-0: Ball 1-0: SINGLE (Groundball, 15S, EV 65.0 MPH) (infield hit)
|
Batting: LHB Tetsuya Oba
|
0-0: Called Strike Enrique Andrade steals 2nd base 0-1: Foul Ball, location: 2F 0-2: Ball 1-2: SINGLE (Line Drive, 6M, EV 96.2 MPH) Enrique Andrade to third
|
Batting: LHB Tony Morales
|
0-0: Ball 1-0: Foul Ball, location: 2F 1-1: Fielders Choice at 2nd, 3-6 (Groundball, 3, EV 103.8 MPH) Enrique Andrade scores
|
Batting: LHB Katsunan Akimoto
|
0-0: Ball 1-0: Called Strike 1-1: Ball 2-1: Swinging Strike 2-2: Ball 3-2: Foul Ball, location: 2F 3-2: Base on Balls Tony Morales to second
|
Batting: SHB Bradley Barrowcliff
|
0-0: Called Strike 0-1: Ball Katsunan Akimoto is caught stealing 2nd base 2-6 Tony Morales steals 3rd base 1-1: Swinging Strike 1-2: Foul Ball, location: 2F 1-2: Ball 2-2: Foul Ball, location: 2F 2-2: Fly out, F9 (Line Drive, 9, EV 97.5 MPH)
|
Top of the 1st over - 1 run, 2 hits, 0 errors, 1 left on base; Albuquerque 1 - Las Vegas 0 |
BOTTOM OF THE 1ST |
Las Vegas 51s batting - Pitching for Albuquerque Isotopes : LHP Drew Huckeba
|
Pitching: LHP Drew Huckeba
|
|
Batting: RHB Jordan Martin
|
0-0: SINGLE (Line Drive, 56D, EV 94.4 MPH)
|
Batting: SHB Billy Encinias
|
0-0: Called Strike 0-1: Called Strike 0-2: Ball 1-2: Ball 2-2: Foul Ball, location: 2F 2-2: Ball 3-2: Base on Balls Jordan Martin to second
|
Batting: SHB Roberto Magne
|
0-0: Called Strike 0-1: Ball 1-1: Ball 2-1: Ball 3-1: Called Strike 3-2: Base on Balls Jordan Martin to third Billy Encinias to second
|
Batting: RHB Steven Romanovsky
|
0-0: Ball 1-0: SINGLE (Line Drive, 6MD, EV 94.4 MPH) Jordan Martin scores Billy Encinias to third Roberto Magne to second Runner from 3rd tries for Home, SAFE, throw by CF to home
|
Batting: SHB Josh Schultze
|
0-0: Ball 1-0: Ball 2-0: Ball 3-0: Called Strike 3-1: Foul Ball, location: 2F 3-2: Foul Ball, location: 2F 3-2: Foul Ball, location: 2F 3-2: SINGLE (Groundball, 56D, EV 93.8 MPH) Roberto Magne to third Steven Romanovsky to second Roberto Magne scores Steven Romanovsky to third
|
Batting: LHB Sal Fernandez
|
0-0: Ball 1-0: Called Strike 1-1: Grounds into double play, 4-6-3 (Groundball, 34, EV 78.1 MPH) Steven Romanovsky scores
|
Batting: RHB Mike Titus
|
0-0: Ball 1-0: Ball 2-0: Called Strike 2-1: Called Strike 2-2: Strikes out swinging
|
Bottom of the 1st over - 4 runs, 3 hits, 0 errors, 0 left on base; Albuquerque 1 - Las Vegas 4 |
TOP OF THE 2ND |
Albuquerque Isotopes batting - Pitching for Las Vegas 51s : RHP Brett Hackmann
|
Batting: RHB Ron Johansen
|
0-0: Ground out 5-3 (Groundball, 56S, EV 70.0 MPH)
|
Batting: RHB Ben Alspach
|
0-0: Ground out 4-3 (Groundball, 4M, EV 100.6 MPH)
|
Batting: RHB Ryan Taylor
|
0-0: Ball 1-0: Ball 2-0: Fly out, F9 (Line Drive, 9, EV 86.9 MPH)
|
Top of the 2nd over - 0 runs, 0 hits, 0 errors, 0 left on base; Albuquerque 1 - Las Vegas 4 |
BOTTOM OF THE 2ND |
Las Vegas 51s batting - Pitching for Albuquerque Isotopes : LHP Drew Huckeba
|
Batting: RHB Leon Edwards
|
0-0: Fly out, F7 (Flyball, 78S, EV 72.5 MPH)
|
Batting: RHB Yoshiro Higuchi
|
0-0: Foul Ball, location: 2F 0-1: Ball 1-1: Ball 2-1: Foul Ball, location: 2F 2-2: Strikes out swinging
|
Batting: RHB Jordan Martin
|
0-0: Ground out 5-3 (Groundball, 56S, EV 83.1 MPH)
|
Bottom of the 2nd over - 0 runs, 0 hits, 0 errors, 0 left on base; Albuquerque 1 - Las Vegas 4 |
TOP OF THE 3RD |
Albuquerque Isotopes batting - Pitching for Las Vegas 51s : RHP Brett Hackmann
|
Batting: RHB Josh Baker
|
0-0: Swinging Strike 0-1: Foul Ball, location: 2F 0-2: Foul Ball, location: 2F 0-2: Ball 1-2: Strikes out looking
|
Batting: LHB Enrique Andrade
|
0-0: Ball 1-0: Swinging Strike 1-1: Ball 2-1: Ball 3-1: Base on Balls
|
Batting: LHB Tetsuya Oba
|
0-0: Ball Enrique Andrade is caught stealing 2nd base 2-6 1-0: SINGLE (Flyball, 7, EV 95.6 MPH)
|
Batting: LHB Tony Morales
|
0-0: Ball Tetsuya Oba steals 2nd base (no throw) 1-0: Called Strike 1-1: Called Strike 1-2: Ball 2-2: Ball 3-2: Fly out, F3 (Line Drive, 3, EV 61.9 MPH)
|
Top of the 3rd over - 0 runs, 1 hit, 0 errors, 1 left on base; Albuquerque 1 - Las Vegas 4 |
BOTTOM OF THE 3RD |
Las Vegas 51s batting - Pitching for Albuquerque Isotopes : LHP Drew Huckeba
|
Batting: SHB Billy Encinias
|
0-0: Called Strike 0-1: Ball 1-1: Swinging Strike 1-2: Ball 2-2: Foul Ball, location: 2F 2-2: Strikes out swinging
|
Batting: SHB Roberto Magne
|
0-0: Foul Ball, location: 2F 0-1: Ball 1-1: Fly out, F9 (Flyball, 9D, EV 93.8 MPH)
|
Batting: RHB Steven Romanovsky
|
0-0: Swinging Strike 0-1: Foul Ball, location: 2F 0-2: Ball 1-2: Strikes out swinging
|
Bottom of the 3rd over - 0 runs, 0 hits, 0 errors, 0 left on base; Albuquerque 1 - Las Vegas 4 |
TOP OF THE 4TH |
Albuquerque Isotopes batting - Pitching for Las Vegas 51s : RHP Brett Hackmann
|
Batting: LHB Katsunan Akimoto
|
0-0: Called Strike 0-1: Ball 1-1: Ball 2-1: Ground out U3 (Groundball, 3, EV 104.4 MPH)
|
Batting: SHB Bradley Barrowcliff
|
0-0: Fly out, F7 (Flyball, 78D, EV 97.5 MPH)
|
Batting: RHB Ron Johansen
|
0-0: Called Strike 0-1: Called Strike 0-2: Foul Ball, location: 2F 0-2: Foul Ball, location: 2F 0-2: Strikes out swinging
|
Top of the 4th over - 0 runs, 0 hits, 0 errors, 0 left on base; Albuquerque 1 - Las Vegas 4 |
BOTTOM OF THE 4TH |
Las Vegas 51s batting - Pitching for Albuquerque Isotopes : LHP Drew Huckeba
|
Batting: SHB Josh Schultze
|
0-0: Ground out 4-3 (Groundball, 4, EV 85.0 MPH)
|
Batting: LHB Sal Fernandez
|
0-0: Ball 1-0: Ball 2-0: Foul Ball, location: 2F 2-1: Ball 3-1: Base on Balls
|
Batting: RHB Mike Titus
|
Pickoff Throw to First - Error! E1 Sal Fernandez to second 0-0: Ball Sal Fernandez steals 3rd base 1-0: Ball Steal of home, Sal Fernandez is safe 2-0: Ball 3-0: Called Strike 3-1: Ground out 4-3 (Groundball, 4, EV 82.5 MPH)
|
Batting: RHB Leon Edwards
|
0-0: Called Strike 0-1: Swinging Strike 0-2: Ball 1-2: Ball 2-2: Fly out, F8 (Line Drive, 8RD, EV 93.1 MPH)
|
Bottom of the 4th over - 1 run, 0 hits, 1 error, 0 left on base; Albuquerque 1 - Las Vegas 5 |
TOP OF THE 5TH |
Albuquerque Isotopes batting - Pitching for Las Vegas 51s : RHP Brett Hackmann
|
Batting: RHB Ben Alspach
|
0-0: Ground out 6-3 (Groundball, 6, EV 81.2 MPH)
|
Batting: RHB Ryan Taylor
|
0-0: Called Strike 0-1: SINGLE (Groundball, 6MD, EV 105.0 MPH)
|
Batting: RHB Josh Baker
|
0-0: Ball 1-0: Called Strike Ryan Taylor steals 2nd base 1-1: Ground out 6-3 (Groundball, 56, EV 84.4 MPH)
|
Batting: LHB Enrique Andrade
|
0-0: Ball 1-0: Ball 2-0: Ball 3-0: Base on Balls
|
Batting: LHB Tetsuya Oba
|
0-0: Called Strike 0-1: Ball 1-1: Ball 2-1: Ball 3-1: Ground out 4-3 (Groundball, 34, EV 103.1 MPH)
|
Top of the 5th over - 0 runs, 1 hit, 0 errors, 2 left on base; Albuquerque 1 - Las Vegas 5 |
BOTTOM OF THE 5TH |
Las Vegas 51s batting - Pitching for Albuquerque Isotopes : LHP Drew Huckeba
|
Batting: RHB Yoshiro Higuchi
|
0-0: Ball 1-0: Swinging Strike 1-1: Ball 2-1: Fly out, F9 (Line Drive, 9, EV 109.4 MPH)
|
Batting: RHB Jordan Martin
|
0-0: Called Strike 0-1: SOLO HOME RUN (Flyball, 7D, EV 96.2 MPH), Distance : 372 ft
|
Pitching: LHP Dario Rios
|
|
Batting: SHB Billy Encinias
|
0-0: Ball 1-0: Ball 2-0: SINGLE (Groundball, 56D, EV 98.1 MPH)
|
Batting: SHB Roberto Magne
|
0-0: Called Strike Billy Encinias steals 2nd base 0-1: DOUBLE (Line Drive, 89XD, EV 100.6 MPH) Billy Encinias scores
|
Batting: RHB Steven Romanovsky
|
0-0: Called Strike 0-1: Foul Ball, location: 2F 0-2: Fly out, F9 (Flyball, 89D, EV 98.8 MPH) Runner from 2nd tags up, SAFE at 3rd, no throw by RF
|
Batting: SHB Josh Schultze
|
0-0: Called Strike 0-1: Ball 1-1: Ball 2-1: Ball 3-1: Swinging Strike 3-2: Base on Balls
|
Batting: LHB Sal Fernandez
|
0-0: Ball 1-0: Ball 2-0: Called Strike 2-1: Ball 3-1: DOUBLE (Line Drive, 5D, EV 109.4 MPH) Roberto Magne scores Josh Schultze to third
|
Batting: RHB Mike Titus
|
0-0: Swinging Strike 0-1: Ball 1-1: Ball 2-1: SINGLE (Line Drive, 8RS, EV 100.6 MPH) Josh Schultze scores Sal Fernandez to third Runner from 3rd tries for Home, SAFE, throw by CF to home
|
Pitching: RHP Calvin Hightower
|
|
Batting: RHB Leon Edwards
|
0-0: Called Strike 0-1: Ball 1-1: Ball 2-1: Ball 3-1: SINGLE (Flyball, 3D, EV 93.1 MPH) Mike Titus to second
|
Batting: RHB Yoshiro Higuchi
|
0-0: Ground out 3-1 (Groundball, 34, EV 90.6 MPH)
|
Bottom of the 5th over - 5 runs, 6 hits, 0 errors, 2 left on base; Albuquerque 1 - Las Vegas 10 |
TOP OF THE 6TH |
Albuquerque Isotopes batting - Pitching for Las Vegas 51s : RHP Brett Hackmann
|
Batting: LHB Tony Morales
|
0-0: Ball 1-0: Ball 2-0: Ball 3-0: Base on Balls
|
Batting: LHB Katsunan Akimoto
|
0-0: Ball 1-0: Fly out, F8 (Flyball, 78D, EV 98.8 MPH)
|
Batting: SHB Bradley Barrowcliff
|
0-0: Ball Tony Morales steals 2nd base 1-0: Called Strike 1-1: Ball 2-1: Foul Ball, location: 2F 2-2: Foul Ball, location: 2F 2-2: Ball 3-2: Ground out 1-3 (Groundball, 13S, EV 63.1 MPH) Tony Morales to third
|
Batting: RHB Ron Johansen
|
0-0: Ball 1-0: Swinging Strike 1-1: Foul Ball, location: 2F 1-2: Strikes out swinging
|
Top of the 6th over - 0 runs, 0 hits, 0 errors, 1 left on base; Albuquerque 1 - Las Vegas 10 |
BOTTOM OF THE 6TH |
Las Vegas 51s batting - Pitching for Albuquerque Isotopes : RHP Calvin Hightower
|
Batting: RHB Jordan Martin
|
0-0: Ball 1-0: Ball 2-0: Fly out, F7 (Line Drive, 7LM, EV 108.1 MPH)
|
Batting: SHB Billy Encinias
|
0-0: Ball 1-0: Ball 2-0: Ball 3-0: Swinging Strike 3-1: Called Strike 3-2: Base on Balls
|
Batting: SHB Roberto Magne
|
0-0: Foul Ball, location: 2F 0-1: Ball 1-1: Foul Ball, location: 2F 1-2: Ball 2-2: Reached on error, E5 (Groundball, 56S, EV 81.9 MPH) Billy Encinias to second
|
Batting: RHB Steven Romanovsky
|
0-0: Foul Ball, location: 2F 0-1: Ball Wild Pitch! Billy Encinias to third Roberto Magne to second 1-1: 3-RUN HOME RUN (Flyball, 9D, EV 96.2 MPH), Distance : 369 ft
|
Batting: SHB Josh Schultze
|
0-0: Ball 1-0: Ground out 4-3 (Groundball, 4, EV 80.6 MPH)
|
Batting: LHB Sal Fernandez
|
0-0: Called Strike 0-1: Ball 1-1: Ball 2-1: Ball 3-1: Base on Balls
|
Batting: RHB Mike Titus
|
0-0: Ball 1-0: Foul Ball, location: 2F 1-1: Foul Ball, location: 2F 1-2: Ground out 2-3 (Groundball, 2L, EV 66.2 MPH)
|
Bottom of the 6th over - 3 runs, 1 hit, 1 error, 1 left on base; Albuquerque 1 - Las Vegas 13 |
TOP OF THE 7TH |
Albuquerque Isotopes batting - Pitching for Las Vegas 51s : RHP Brett Hackmann
|
Batting: RHB Ben Alspach
|
0-0: Foul Ball, location: 2F 0-1: Ball 1-1: Ball 2-1: Ball 3-1: Base on Balls
|
Batting: RHB Ryan Taylor
|
0-0: Fielders Choice at 2nd, 4-6 (Groundball, 4, EV 76.2 MPH)
|
Batting: RHB Josh Baker
|
0-0: Ball Ryan Taylor steals 2nd base (no throw) 1-0: Ball 2-0: Called Strike 2-1: Fly out, F6 (Popup, 6, EV 74.4 MPH)
|
Batting: LHB Enrique Andrade
|
0-0: Ball 1-0: Called Strike 1-1: Ball 2-1: Ball 3-1: Foul Ball, location: 2F 3-2: SINGLE (Groundball, 6, EV 99.4 MPH) Ryan Taylor to third Runner from 3rd tries for Home, SAFE, throw by CF to home Enrique Andrade to second
|
Pitching: RHP Javier Perez
|
|
Batting: LHB Tetsuya Oba
|
0-0: SINGLE (Line Drive, 7S, EV 96.2 MPH) Enrique Andrade to third
|
Batting: LHB Tony Morales
|
0-0: Ball Tetsuya Oba is caught stealing 2nd base 2-6
|
Top of the 7th over - 1 run, 2 hits, 0 errors, 1 left on base; Albuquerque 2 - Las Vegas 13 |
BOTTOM OF THE 7TH |
Las Vegas 51s batting - Pitching for Albuquerque Isotopes : RHP Calvin Hightower
|
Batting: RHB Leon Edwards
|
0-0: Ball 1-0: Called Strike 1-1: Ball 2-1: Reached on error, E3 (Groundball, 13, EV 95.0 MPH)
|
Pitching: LHP Vasquo Sartores
|
|
Batting: RHB Yoshiro Higuchi
|
0-0: Foul Ball, location: 2F 0-1: Ball 1-1: Fielders Choice at 2nd, 4-6 (Groundball, 4M, EV 101.9 MPH)
|
Batting: RHB Jordan Martin
|
0-0: DOUBLE (Line Drive, 78M, EV 112.5 MPH) Yoshiro Higuchi to third
|
Batting: SHB Billy Encinias
|
0-0: Called Strike 0-1: Ball 1-1: Ball 2-1: Called Strike 2-2: Foul Ball, location: 2F 2-2: Ball 3-2: Foul Ball, location: 2F 3-2: Foul Ball, location: 2F 3-2: Foul Ball, location: 2F 3-2: Base on Balls
|
Batting: SHB Roberto Magne
|
0-0: Foul Ball, location: 2F 0-1: Ball 1-1: Foul Ball, location: 2F 1-2: Fielders Choice at 2nd, 3-6 (Groundball, 3, EV 83.8 MPH) Yoshiro Higuchi scores Jordan Martin to third
|
Pinch Hitting: RHB Bob Montesano
|
0-0: Called Strike 0-1: Ball 1-1: Foul Ball, location: 2F 1-2: Ball 2-2: DOUBLE (Groundball, 5L, EV 101.2 MPH) Jordan Martin scores Roberto Magne to third Runner from 3rd tries for Home, SAFE, no throw by LF
|
Batting: SHB Josh Schultze
|
0-0: Called Strike 0-1: Foul Ball, location: 2F 0-2: Ball 1-2: Ball 2-2: Ground out 6-3 (Groundball, 6S, EV 82.5 MPH)
|
Bottom of the 7th over - 3 runs, 2 hits, 1 error, 1 left on base; Albuquerque 2 - Las Vegas 16 |
TOP OF THE 8TH |
Albuquerque Isotopes batting - Pitching for Las Vegas 51s : RHP Javier Perez
|
Now at 1B: Bob Montesano
|
|
Batting: LHB Tony Morales
|
0-0: Foul Ball, location: 2F 0-1: Called Strike 0-2: Ball 1-2: Ball 2-2: Strikes out swinging
|
Batting: LHB Katsunan Akimoto
|
0-0: Ball 1-0: Called Strike 1-1: Swinging Strike 1-2: Ball 2-2: Strikes out swinging
|
Batting: SHB Bradley Barrowcliff
|
0-0: Foul Ball, location: 2F 0-1: Ball 1-1: Ball 2-1: Foul Ball, location: 2F 2-2: Ball 3-2: Base on Balls
|
Batting: RHB Ron Johansen
|
0-0: Called Strike 0-1: Ball 1-1: Foul Ball, location: 2F 1-2: Foul Ball, location: 2F 1-2: Strikes out swinging
|
Top of the 8th over - 0 runs, 0 hits, 0 errors, 1 left on base; Albuquerque 2 - Las Vegas 16 |
BOTTOM OF THE 8TH |
Las Vegas 51s batting - Pitching for Albuquerque Isotopes : LHP Vasquo Sartores
|
Batting: LHB Sal Fernandez
|
0-0: Called Strike 0-1: Ball 1-1: Called Strike 1-2: Ball 2-2: Foul Ball, location: 2F 2-2: Strikes out swinging
|
Pitching: LHP Tyler Adams
|
|
Batting: RHB Mike Titus
|
0-0: Called Strike 0-1: Ball 1-1: Ball 2-1: Ball 3-1: Called Strike 3-2: Foul Ball, location: 2F 3-2: SINGLE (Groundball, 5S, EV 69.4 MPH) (infield hit)
|
Batting: RHB Leon Edwards
|
0-0: Swinging Strike 0-1: SINGLE (Groundball, 6MD, EV 103.8 MPH) Mike Titus to second
|
Batting: RHB Yoshiro Higuchi
|
0-0: Swinging Strike 0-1: Ball 1-1: Ball 2-1: Foul Ball, location: 2F 2-2: Strikes out looking
|
Batting: RHB Jordan Martin
|
0-0: Ball 1-0: Ball 2-0: Ball 3-0: Called Strike 3-1: Foul Ball, location: 2F 3-2: Base on Balls Mike Titus to third Leon Edwards to second
|
Batting: SHB Billy Encinias
|
0-0: Ball 1-0: Ball 2-0: Ball 3-0: Base on Balls Mike Titus scores Leon Edwards to third Jordan Martin to second
|
Batting: SHB Roberto Magne
|
0-0: Ball 1-0: Called Strike 1-1: Ball 2-1: Fly out, F4 (Popup, 4, EV 70.6 MPH)
|
Bottom of the 8th over - 1 run, 2 hits, 0 errors, 3 left on base; Albuquerque 2 - Las Vegas 17 |
TOP OF THE 9TH |
Albuquerque Isotopes batting - Pitching for Las Vegas 51s : RHP Javier Perez
|
Batting: RHB Ben Alspach
|
0-0: Fly out, F9 (Line Drive, 9, EV 101.2 MPH)
|
Pinch Hitting: SHB Pat Wilson
|
0-0: Called Strike 0-1: Swinging Strike 0-2: Foul Ball, location: 2F 0-2: SOLO HOME RUN (Line Drive, 9D, EV 98.1 MPH), Distance : 377 ft
|
Batting: RHB Josh Baker
|
0-0: Fly out, F9 (Flyball, 89M, EV 93.1 MPH)
|
Batting: LHB Enrique Andrade
|
0-0: SINGLE (Groundball, 25, EV 65.6 MPH) (infield hit)
|
Batting: LHB Tetsuya Oba
|
0-0: Called Strike 0-1: Ball 1-1: Ball 2-1: Ball 3-1: Base on Balls Enrique Andrade to second
|
Batting: LHB Tony Morales
|
0-0: Swinging Strike 0-1: Ball 1-1: Ball 2-1: Swinging Strike 2-2: Ball 3-2: Foul Ball, location: 2F 3-2: Ground out 6-3 (Groundball, 6M, EV 102.5 MPH)
|
Top of the 9th over - 1 run, 2 hits, 0 errors, 2 left on base; Albuquerque 3 - Las Vegas 17 |
|